 Dungeon Crawl Stone Soup version 0.32-a0-607-g64ea0e4219 (webtiles) character file.

Game seed: 1211825386379381566

12299 rodbeard the Carver (level 11, -3/87 HPs)
             Began as a Coglin Berserker on Mar 4, 2024.
             Was a High Priest of Trog.
             Slain by a death yak simulacrum (27 damage)
             ... in an ice cave.
             The game lasted 00:31:19 (11117 turns).

rodbeard the Carver (Coglin Berserker)             Turns: 11117, Time: 00:31:20

Health: -3/87      AC: 17    Str: 17    XL:     11   Next: 91%
Magic:  11/11      EV: 15    Int:  7    God:    Trog [*****.]
Gold:   1040       SH:  0    Dex: 18    Spells: 10/10 levels left

rFire   . . .        d - +7 demon blade (protect) {Fernando}
rCold   . . .        o - +0 falchion "Mud Pie of Death" {flame, rElec rPois}
rNeg    . . .        w - +1 acid dragon scales
rPois   +            (no helmet)
rElec   +            (no cloak)
rCorr   +            (no gloves)
SInv    .            t - +0 pair of boots
Will    .....        (amulet unavailable)
Stlth   +            (ring unavailable)
HPRegen 0.34/turn    (ring unavailable)
MPRegen 0.12/turn    (no gizmo)

%: no passive effects
@: under a protective aura, revving
A: off-hand wielding, slow wielding, warmup strikes, no jewellery
a: Invent Gizmo, Renounce Religion, Berserk, Trog's Hand, Brothers in Arms


You were in an ice cave.
You worshipped Trog.
Trog was extremely pleased with you.
You visited 2 branches of the dungeon, and saw 11 of its levels.
You also visited: Sewer, Bailey and Ice Cave.

You collected 1040 gold pieces.

Inventory:

Hand Weapons
 d - a +7 demon blade of protection (weapon) {Fernando}
 o - the +0 falchion "Mud Pie of Death" (offhand) {flame, rElec rPois}
   (You acquired it in a bailey)

   rElec:     It insulates you from electricity.
   rPois:     It protects you from poison.
Armour
 t - a +0 pair of boots (worn)
 w - +1 acid dragon scales (worn)
Wands
 a - a wand of paralysis (17)
 x - a wand of polymorph (5)
Scrolls
 f - a scroll of blinking
 g - 6 scrolls of teleportation
 v - 2 scrolls of fear
Potions
 b - 2 potions of haste
 e - 3 potions of cancellation
 h - 2 potions of might
 i - 2 potions of lignification
 k - 5 potions of curing {unknown}
 m - a potion of heal wounds {unknown}
 n - 3 potions of resistance {unknown}
 p - 5 potions of enlightenment
 r - 3 potions of mutation {unknown}
 s - a potion of berserk rage {unknown}
 u - a potion of ambrosia {unknown}


   Skills:
 + Level 8.6 Fighting
 * Level 11.6 Long Blades
 - Level 0.4 Throwing
 + Level 7.5 Armour
 + Level 7.4 Dodging
 + Level 7.9 Evocations


You had 10 spell levels left.
You didn't know any spells.
Your spell library was empty.

Dungeon Overview and Level Annotations

Branches:
Dungeon (9/15)             Temple (0/1) D:5            Lair (0/5) D:9
    Orc (2/2) D:9           Sewer (visited)          Bailey (visited)
  IceCv (1/1)
    Elf: Orc:2

Altars:
Dithmenos
Fedhas
Hepliaklqana
Kikubaaqudgha
Makhleb
Okawaru
Qazlal
Trog
Wu Jian
Zin

Shops:
Orc:2 *

Annotations:
D:7 3 runed translucent doors
Orc:1 1 runed translucent door, Mummolef's ghost, journeyman TrSh


Innate Abilities, Weirdness & Mutations

You can wield a second weapon in your off-hand.
It takes a long time for you to wield or remove held weapons.
Your first few attacks do less damage.
You cannot equip rings or amulets.


Message History

HP restored.
A troll simulacrum comes into view.
A death yak simulacrum, a two-headed ogre simulacrum and a cane toad simulacrum come into view.
Okay, then.
You hit the cane toad simulacrum with the +0 falchion "Mud Pie of Death".
You melt the cane toad simulacrum.
The cane toad simulacrum is heavily damaged.
You slice the cane toad simulacrum with your +7 demon blade of protection!!
Your weapon exudes an aura of protection.
The cane toad simulacrum vaporises!
Trog accepts your kill.
You slash the two-headed ogre simulacrum with your +7 demon blade of protection!
The two-headed ogre simulacrum is heavily damaged.
You hit the two-headed ogre simulacrum with the +0 falchion "Mud Pie of Death".
You melt the two-headed ogre simulacrum.
The two-headed ogre simulacrum closely misses you.
The two-headed ogre simulacrum hits you.
The two-headed ogre simulacrum freezes you!!
You hit the two-headed ogre simulacrum with the +0 falchion "Mud Pie of Death".
You melt the two-headed ogre simulacrum.
The two-headed ogre simulacrum is severely damaged.
You slash the two-headed ogre simulacrum with your +7 demon blade of protection!
The two-headed ogre simulacrum vaporises!
Trog accepts your kill.
You hit the death yak simulacrum with the +0 falchion "Mud Pie of Death".
You melt the death yak simulacrum.
The death yak simulacrum is moderately damaged.
You hit the death yak simulacrum with your +7 demon blade of protection.
The death yak simulacrum gores you. The death yak simulacrum freezes you!!
You hit the death yak simulacrum but do no damage.
The death yak simulacrum is moderately damaged.
You slash the death yak simulacrum with the +0 falchion "Mud Pie of Death"!
You melt the death yak simulacrum.
You hit the death yak simulacrum but do no damage.
The death yak simulacrum is heavily damaged.
You hit the death yak simulacrum but do no damage.
The death yak simulacrum gores you!
* * * LOW HITPOINT WARNING * * *
The death yak simulacrum freezes you!!
You die...

#. ... .... ####
....# ######..##
.....## ##..##....##
....ZZ.###..Z.......#
..Z..ZZ.#...Z...∩.∩.#
.....##.Z..##@......#
... ##..#####....## .
##..# ##..##
#≈≈≈≈≈##### ≈≈≈≈≈≈≈#
###≈≈≈≈≈# ##≈#≈# ..##
.##


You could see a death yak simulacrum and a troll simulacrum.

Vanquished Creatures
  2 two-headed ogres
  An orc knight (Orc:2)
  An orc sorcerer (Bailey)
  A kobold demonologist (Bailey)
  Psyche (D:8)
  A troll (Orc:1)
  Prince Ribbit (D:6)
  Grinder (D:4)
  6 wargs
  Grum (D:8)
  3 steam dragons
  A death yak simulacrum (Orc:2)
  Duvessa (D:5)
  An acid dragon (D:9)
  2 water moccasins
  3 sky beasts
  22 orc warriors
  2 crocodiles (Sewer)
  3 ogres (Orc:1)
  3 wolves (D:8)
  Blork the orc (D:6)
  A gnoll sergeant (D:6)
  2 kobold brigands
  A cane toad simulacrum (IceCv)
  5 scorpions
  8 wights (D:7)
  A two-headed ogre simulacrum (IceCv)
  Dowan (D:5)
  10 killer bees
  A howler monkey (D:6)
  An electric eel (Bailey)
  2 gnoll boudas
  3 hounds
  5 jellies
  6 orc priests
  2 sleepcaps
  3 iguanas
  11 orc wizards
  A malarious merfolk avatar (Sewer)
  A sickly merfolk siren (Sewer)
  2 spriggan simulacra (Orc:2)
  A troll simulacrum (Orc:2)
  2 wolf simulacra
  23 gnolls
  9 adders
  2 river rats (Sewer)
  2 shadow imps
  3 white imps
  4 ufetubi (D:7)
  2 ribbon worms
  4 dart slugs
  57 orcs
  11 ball pythons
  9 endoplasms
  3 giant cockroaches
  19 goblins
  5 hobgoblins
  13 kobolds
  6 quokkas
  5 bats
  9 frilled lizards
  27 rats
341 creatures vanquished.

Vanquished Creatures (collateral kills)
  A two-headed ogre (Orc:2)
  A death yak simulacrum (IceCv)
  A warg (Orc:2)
  An ogre (Orc:2)
  A two-headed ogre simulacrum (Orc:2)
  2 elephant simulacra (IceCv)
  2 troll simulacra (Orc:2)
  An orc (Orc:2)
10 creatures vanquished.

Grand Total: 351 creatures vanquished

Notes
Turn   | Place    | Note
-------+----------+-------------------------------------------
     0 | D:1      | rodbeard the Coglin Berserker began the quest for the Orb.
     0 | D:1      | Reached XP level 1. HP: 18/18 MP: 1/1
    37 | D:1      | Reached XP level 2. HP: 22/24 MP: 2/2
   636 | D:2      | Reached XP level 3. HP: 19/29 MP: 3/3
   820 | D:2      | Reached ** piety under Trog
  1198 | D:2      | Reached XP level 4. HP: 32/35 MP: 4/4
  1727 | D:3      | Found a burning altar of Makhleb.
  1925 | D:3      | Noticed a water moccasin
  1933 | D:3      | Killed a water moccasin
  1934 | D:3      | Reached skill level 4 in Long Blades
  1934 | D:3      | Reached XP level 5. HP: 42/42 MP: 5/5
  2083 | D:3      | Found a bloodstained altar of Trog.
  2413 | D:3      | Found an ancient bone altar of Kikubaaqudgha.
  2413 | D:3      | Found an iron altar of Okawaru.
  2573 | D:4      | Noticed Grinder
  2579 | D:4      | Paralysed by Grinder for 3 turns
  2586 | D:4      | Killed Grinder
  2587 | D:4      | Reached skill level 5 in Long Blades
  2587 | D:4      | Reached XP level 6. HP: 46/48 MP: 6/6
  2648 | D:4      | Found a stormy altar of Qazlal.
  2707 | D:4      | Found a glowing silver altar of Zin.
  2909 | D:4      | Reached XP level 7. HP: 28/55 MP: 7/7
  3683 | D:5      | Entered Level 5 of the Dungeon
  3690 | D:5      | Identified a scroll of acquirement
  3690 | D:5      | Found a staircase to the Ecumenical Temple.
  3710 | D:5      | Acquired a +7 demon blade of freezing
  3870 | D:5      | Reached skill level 6 in Long Blades
  3903 | D:5      | Reached skill level 5 in Fighting
  3903 | D:5      | Reached XP level 8. HP: 24/62 MP: 8/8
  4045 | D:5      | Found a glowing drain.
  4049 | Sewer    | Entered a sewer
  4138 | Sewer    | Reached *** piety under Trog
  4397 | Sewer    | Reached **** piety under Trog
  4806 | D:5      | Noticed Duvessa
  4806 | D:5      | Noticed Dowan
  4809 | D:5      | Killed Dowan
  4810 | D:5      | Reached skill level 7 in Long Blades
  4813 | D:5      | Killed Duvessa
  4968 | D:5      | Found a shadowy altar of Dithmenos.
  4975 | D:5      | Paralysed by a gnoll for 4 turns
  5503 | D:6      | Noticed Blork the orc
  5507 | D:6      | Reached XP level 9. HP: 66/69 MP: 9/9
  5512 | D:6      | Killed Blork the orc
  5513 | D:6      | Reached skill level 1 in Evocations
  5704 | D:6      | Reached skill level 5 in Armour
  5706 | D:6      | Reached skill level 5 in Dodging
  5728 | D:6      | Noticed Prince Ribbit
  5750 | D:6      | Killed Prince Ribbit
  5751 | D:6      | Reached skill level 8 in Long Blades
  6435 | D:6      | Found an ornate altar of the Wu Jian Council.
  6957 | D:7      | Found a hazy altar of Hepliaklqana.
  6973 | D:7      | Found a runed translucent gate.
  6973 | D:7      | Found a runed translucent gate.
  6973 | D:7      | Found a runed translucent gate.
  6973 | D:7      | Noticed a death yak
  7051 | D:7      | Found a flagged portal.
  7062 | D:7      | Reached XP level 10. HP: 65/76 MP: 10/10
  7067 | D:7      | Reached skill level 9 in Long Blades
  7202 | Bailey   | Entered a bailey
  7251 | Bailey   | Reached ***** piety under Trog
  7539 | Bailey   | Reached skill level 5 in Evocations
  7581 | Bailey   | Noticed a kobold demonologist
  7585 | Bailey   | Found an iron altar of Okawaru.
  7589 | Bailey   | Killed a kobold demonologist
  7593 | Bailey   | Identified the +7 flail "Bahut" {elec, rC+}
  7609 | Bailey   | Noticed an orc sorcerer
  7645 | Bailey   | Acquired the +0 falchion "Mud Pie of Death" {flame, rElec
                  | rPois}
  7831 | Bailey   | Paralysed by an orc sorcerer for 5 turns
  7835 | Bailey   | Noticed a sun demon
  7838 | Bailey   | Killed an orc sorcerer
  8570 | D:8      | Noticed Grum
  8577 | D:8      | Reached skill level 10 in Long Blades
  8597 | D:8      | Killed Grum
  8784 | D:8      | Found a blossoming altar of Fedhas.
  8788 | D:8      | Noticed Psyche
  8797 | D:8      | Killed Psyche
  9549 | D:9      | Noticed a two-headed ogre
  9560 | D:9      | Reached XP level 11. HP: 84/84 MP: 11/11
  9564 | D:9      | Killed a two-headed ogre
  9756 | D:9      | Found a staircase to the Orcish Mines.
  9944 | D:9      | Found a staircase to the Lair.
 10310 | Orc:1    | Entered Level 1 of the Orcish Mines
 10336 | Orc:1    | Found a runed translucent door.
 10340 | Orc:1    | Noticed an orc warlord
 10343 | Orc:1    | Noticed Mummolef's ghost (journeyman TrSh)
 10485 | Orc:2    | Entered Level 2 of the Orcish Mines
 10522 | Orc:2    | Found Naylegul's Mayhem Merchandise.
 10565 | Orc:2    | Noticed a two-headed ogre
 10652 | Orc:1    | Reached skill level 11 in Long Blades
 10758 | Orc:2    | Noticed an orc knight
 10773 | Orc:2    | Killed a two-headed ogre
 10783 | Orc:2    | Killed an orc knight
 10806 | Orc:2    | Noticed a two-headed ogre
 10837 | Orc:2    | Found a frozen archway.
 10849 | Orc:2    | Killed a two-headed ogre
 10872 | IceCv    | Entered an ice cave
 11117 | IceCv    | Slain by a death yak simulacrum

Illustrated notes

Levels and vault maps discovered:
D:1:      onia_arrival_pyramid, layout_basic
D:2:      layout_loops_ring, eino_tiny_chamber
D:3:      layout_loops_corners, general_overflow_altar, lightli_temple_of_fire,
          gammafunk_temple_overflow_statue
D:4:      layout_gridville, mainiacjoe_overflow_surrounded_room,
          old_standard_altar, hangedman_abyss_or_decor_lesser_grid, uniq_grinder
D:5:      layout_basic, nicolae_dithmenos_the_darkroom,
          minmay_temple_entry_drinking_statues, gup_sewer_entry_bowl,
          uniq_duvessa
D:6:      layout_basic, mainiacjoe_overflow_alcove_2, uniq_blork_the_orc,
          uniq_prince_ribbit1
D:7:      lemuel_bear_cage, layout_cave_pools, nzn_hepliaklqana_mist_gate,
          enter_bailey_8
D:8:      layout_basic, mainiacjoe_overflow_tiny_flanked, uniq_psyche, uniq_grum
D:9:      layout_big_octagon, dpeg_oklobed_lair, david_orc_1_choice,
          serial_rivers, chequers_serial_rivers_marsh,
          chequers_serial_rivers_large_a, chequers_serial_rivers_micro_e,
          chequers_serial_rivers_small_b, nicolae_fountain_basement
Orc:1:    layout_diamond_mine, ebering_ghost_inner_flame
Orc:2:    st_orc_town, layout_caves, portal_ice_cave_entry_ice_simulacra,
          serial_shops, shop, enter_volcano_3, minmay_shop_mayhem,
          uniq_saint_roka
IceCv:    ice_cave_small_necro

Skill      XL: |  1  2  3  4  5  6  7  8  9 10 11 |
---------------+----------------------------------+-----
Armour         | 2 3 4 5 6 7 |  7.5
Dodging        | 2 3 4 5 6 7 |  7.4
Long Blades    | 4 5 6 7 8 10 11 | 11.6
Fighting       | 4 5 6 7 8 |  8.6
Evocations     | 4 6 7 |  7.9
Throwing       | |  0.4

Action                     |  1- 3 |  4- 6 |  7- 9 | 10-12 || total
---------------------------+-------+-------+-------+-------++-------
  Melee: Dagger            |    71 |    81 |   229 |    19 ||   400
         Falchion          |    69 |    84 |    34 |   239 ||   426
         Demon blade       |       |       |   239 |   274 ||   513
 Invoke: Berserk           |     2 |     3 |     8 |    10 ||    23
         Brothers in Arms  |       |       |       |     2 ||     2
  Evoke: Wand              |       |       |     2 |     3 ||     5
    Use: Scroll            |       |       |    10 |    11 ||    21
   Stab: Paralysed         |       |       |     2 |     2 ||     4
         Sleeping          |       |       |       |     1 ||     1
 Armour: Animal skin       |    44 |    18 |       |       ||    62
         Chain mail        |       |    78 |   171 |       ||   249
         Steam dragon scal |       |       |     5 |    94 ||    99
         Acid dragon scale |       |       |       |    64 ||    64
  Dodge: Dodged            |    45 |    31 |   113 |   189 ||   378

Table legend: (Time is in decaauts)
 A = Elapsed time spent in this place.
 B = Non-inter-level travel time spent in this place.
 C = Inter-level travel time spent in this place.
 D = Time resting spent in this place.
 E = Time spent auto-exploring this place.
 F = Levels seen in this place.
 G = Mean time per level.
                   A        B        C        D        E       F      G
               +--------+--------+--------+--------+--------+-----+--------+
         Total |  11322 |  10380 |    942 |    781 |   7317 |  14 |  808.7 |
       Dungeon |   9127 |   8295 |    832 |    407 |   6512 |   9 | 1014.1 |
  Orcish Mines |    577 |    467 |    110 |      0 |    135 |   2 |  288.5 |
         Sewer |    487 |    487 |      0 |      0 |    268 |   1 |  487.0 |
        Bailey |    886 |    886 |      0 |    373 |    188 |   1 |  886.0 |
      Ice Cave |    243 |    243 |      0 |      0 |    213 |   1 |  243.0 |
               +--------+--------+--------+--------+--------+-----+--------+

Top non-repeatable levels by time:
     D:5: 1596 daAuts
     D:4: 1302 daAuts
     D:8: 1046 daAuts
     D:6: 1029 daAuts
     D:3: 1001 daAuts
     D:2: 908 daAuts
  Bailey: 886 daAuts
     D:9: 838 daAuts
     D:7: 737 daAuts
     D:1: 665 daAuts
   Sewer: 487 daAuts
   Orc:1: 321 daAuts
   Orc:2: 256 daAuts
   IceCv: 243 daAuts
